[Event "*** Titled Tuesday Blitz"]
[Site "Chess.com"]
[Date "2020.05.05"]
[Round "5"]
[White "2008king"]
[Black "The_Machine04"]
[Result "0-1"]
[WhiteElo "2073"]
[BlackElo "2302"]
[TimeControl "180+1"]
[EndTime "10:57:52 PDT"]
[Termination "The_Machine04 won by checkmate"]

1. e4 d6 2. d4 Nf6 3. Nc3 e5 4. dxe5 dxe5 5. Qxd8+ Kxd8 6. Bg5 Be6 7. O-O-O+ Nd7 8. Nf3 Bd6 9. Bb5 Kc8 10. Rhe1 h6 11. Bh4 a6 12. Ba4 b5 13. Bb3 Kd8 14. Nd5 a5 15. Nxf6 gxf6 16. Bd5 Ra6 17. Ng1 Ke7 18.
Ne2 c6 19. Bxe6 fxe6 20. f3 c5 21. Ng3 h5 22. Rd2 c4 23. Red1 Nc5 24. Bxf6+ Kxf6 25. Rxd6 Ke7 26. Rxa6 Nxa6 27. h4 Rg8 28. Nxh5 Rxg2 29. Rd2 Rg8 30. Rh2 Nb4 31. a3 Nc6 32. c3 Kf7 33.
Rh3 Rg1+ 34. Kc2 Rg2+ 35. Kc1 b4 36. axb4 axb4 37. cxb4 Nxb4 38. Ng3 Nd3+ 39. Kd1 Nxb2+ 40. Kc1 Nd3+ 41. Kd1 c3 42. Ne2 Rxe2 43. Kxe2 c2 44. Kxd3 c1=Q 45. Rh2 Qd1+ 46. Rd2 Qxf3+ 47. Kc2 Qxe4+ 48.
Kd1 Qxh4 49. Re2 Qg4 50. Ke1 Qg1+ 51. Kd2 Qd4+ 52. Ke1 Kf6 53. Rf2+ Kg5 54. Rg2+ Kf4 55. Rf2+ Ke4 56. Re2+ Kf3 57. Rg2 Qa1+ 58. Kd2 Kxg2 59. Kd3 Qd4+ 60. Kc2 e4 61. Kb3 e3 62. Ka3 e2 63.
Kb3 e1=Q 64. Ka3 Qec3+ 65. Ka2 Qdd2+ 66. Kb1 Qcc1# 0-1

[Event "*** Titled Tuesday Blitz"]
[Site "Chess.com"]
[Date "2020.05.05"]
[Round "5"]
[White "Mizner"]
[Black "okriak"]
[Result "0-1"]
[WhiteElo "2526"]
[BlackElo "2811"]
[TimeControl "180+1"]
[EndTime "10:57:53 PDT"]
[Termination "okriak won on time"]

1. e4 e5 2. Nf3 Nc6 3. Nc3 Nf6 4. d4 exd4 5. Nxd4 Bc5 6. Be3 Bb6 7. Bc4 Ne5 8. Be2 d5 9. Nxd5 Nxd5 10. exd5 Qxd5 11. O-O O-O 12. Re1 Nc4 13. Bxc4 Qxc4 14.
Qe2 Qxe2 15. Rxe2 Bg4 16. f3 Rfe8 17. Bf2 Bxd4 18. Rxe8+ Rxe8 19. Bxd4 Bf5 20. Kf2 b6 21. c3 c5 22. Be3 Rd8 23. Ke1 Be6 24. Rd1 Rxd1+ 25.
Kxd1 Bxa2 26. b4 cxb4 27. cxb4 a5 28. bxa5 bxa5 29. Bb6 a4 30. Bc5 f6 31. h4 Kf7 32. Kd2 Ke6 33. Ke3 Kd5 34. Bf8 g6 35. g4 Bb3 36. g5 f5 37. f4 Kc4 38. Bg7 a3 39. Bf6 Ba4 40. Kd2 Bc6 41. Be5 Bf3 42. Bf6 Bc6 43. Be5 Bd7 44. Bf6 Be6 45. Be5 Kb3 46.
Bf6 Ka2 47. Kc1 Kb3 48. Kd2 Bd5 49. Be5 Bc6 50. Bf6 Be8 51. Be5 Bf7 52. Bf6 Kc4 53. Be5 Kd5 54. Bf6 Ke4 55. Be5 Kf3 56. Kd3 Kg4 57. Ke3 Kxh4 58. Kf3 Bd5+ 59. Kf2 Kg4 60.
Ke3 a2 61. Bd4 Kh5 62. Be5 h6 63. gxh6 Kxh6 64. Bf6 Kh5 65. Kf2 Kg4 66. Ke3 Kg3 67. Be5 Be6 68. Bf6 g5 69. fxg5 f4+ 70. Kd2 Kg2 71. Kc2 f3 0-1

[Event "*** Titled Tuesday Blitz"]
[Site "Chess.com"]
[Date "2020.05.05"]
[Round "5"]
[White "Ladislav1969"]
[Black "Alohamora11"]
[Result "0-1"]
[WhiteElo "2352"]
[BlackElo "2507"]
[TimeControl "180+1"]
[EndTime "10:57:53 PDT"]
[Termination "Alohamora11 won on time"]

1. e4 c5 2. d4 cxd4 3. c3 g6 4. cxd4 d5 5. Nc3 dxe4 6. Bc4 Nf6 7. Qb3 e6 8. d5 exd5 9. Nxd5 Nxd5 10. Bxd5 Qe7 11.
Qc3 Qb4 12. Bd2 Qxc3 13. Bxc3 Rg8 14. Bxe4 Nc6 15. Nf3 Be7 16. O-O-O Bd7 17. Rhe1 Nd8 18.
Bd5 Be6 19. Bxe6 Nxe6 20. Nd4 Nxd4 21. Rxd4 Rc8 22. Kb1 Rc7 23. Bb4 f5 24. Rd5 Kf7 25. Bc3 Rd8 26. Rxd8 Bxd8 27. Kc2 Bf6 28. Kb3 Bxc3 29.
bxc3 g5 30. c4 Rd7 31. Kc3 Kf6 32. c5 Rc7 33. Kb4 Rd7 34. Kc4 Rd2 35. a4 Rxf2 36.
Re8 Rxg2 37. Rb8 Rc2+ 38. Kd5 Rd2+ 39. Kc4 Rb2 40. c6 Rc2+ 41. Kd3 Rxc6 42. Rxb7 Ra6 43. Rb4 h5 44. Ke3 h4 45. Kf3 Kg6 46. Rc4 Kh5 47. Rb4 Ra5 48. Rc4 Rd5 49. Rc8 Rd3+ 50. Kg2 Ra3 0-1

[Event "*** Titled Tuesday Blitz"]
[Site "Chess.com"]
[Date "2020.05.05"]
[Round "5"]
[White "Semen16"]
[Black "levallem"]
[Result "1-0"]
[WhiteElo "2318"]
[BlackElo "2127"]
[TimeControl "180+1"]
[EndTime "10:57:53 PDT"]
[Termination "Semen16 won on time"]

1. e4 c5 2. Nc3 g6 3. g3 Bg7 4.
Bg2 Nc6 5. d3 e5 6. Nge2 Nge7 7.
O-O O-O 8. Be3 f5 9. Bxc5 d6 10. Be3 fxe4 11. dxe4 Be6 12. Qd2 Qd7 13. Rad1 Rad8 14.
Nd5 h5 15. h4 Rf7 16. c4 Nc8 17. b4 b6 18. f4 Rdf8 19. fxe5 Nxe5 20. Qc2 Qc6 21.
Nd4 Rxf1+ 22. Rxf1 Rxf1+ 23. Bxf1 Qd7 24. Nxe6 Qxe6 25.
Bf4 Nf3+ 26. Kf2 Ne5 27. Kg2 Ne7 28. Nxe7+ Qxe7 29. Be2 Qe6 30. a3 Bf6 31. c5 dxc5 32. bxc5 Qc6 33. Qb3+ Kg7 34. cxb6 axb6 35. Qd5 Qc2 36. Kf1 Qb1+ 37. Kf2 Ng4+ 38. Bxg4 hxg4 39. e5 Qb2+ 40. Ke1 Be7 41. Qd7 Qxa3 42. e6 Qb4+ 43. Ke2 Qc4+ 44. Kd2 Qc5 45. Bg5 Kf8 46. Bh6+ Kg8 47.
Qe8+ Bf8 48. Qxg6+ Kh8 49. Qf6+ Kg8 50. Qf7+ Kh8 51.
Qxf8+ 1-0

[Event "*** Titled Tuesday Blitz"]
[Site "Chess.com"]
[Date "2020.05.05"]
[Round "5"]
[White "rpragchess"]
[Black "Tayson_7"]
[Result "1/2-1/2"]
[WhiteElo "2844"]
[BlackElo "2637"]
[TimeControl "180+1"]
[EndTime "10:57:54 PDT"]
[Termination "Game drawn by repetition"]

1. Nf3 Nf6 2. g3 d5 3. Bg2 Bg4 4. O-O Nbd7 5. d3 e5 6. h3 Bh5 7.
c4 dxc4 8. dxc4 Bc5 9. Nc3 O-O 10. Nh4 c6 11. Qc2 Re8 12. b3 Qc7 13. g4 Bg6 14. Nxg6 hxg6 15. e3 Nf8 16. g5 N6d7 17. Ne4 Ne6 18.
Bb2 Be7 19. h4 Ndc5 20. Rad1 Rad8 21. Bh3 Bf8 22. Rxd8 Rxd8 23. Nxc5 Nxc5 24. Rd1 e4 25. Bg2 Rxd1+ 26. Qxd1 Qa5 27. a3 Nd3 28. Bd4 Qf5 29.
Qe2 Bxa3 30. Bxa7 Bb4 31. Bb8 Ne1 32. Bf4 Nxg2 33. Kxg2 Kh7 34. Qd1 Ba5 35. h5 b5 36.
hxg6+ Kxg6 37. Qd6+ Kh5 38. Qf8 Qg4+ 39. Bg3 Qf3+ 40. Kh2 Kg6 41. Qd6+ Kxg5 42. Qxc6 Qh5+ 43. Kg1 Qd1+ 44. Kg2 Qf3+ 45. Kh2 Qh5+ 46. Kg1 Qd1+ 47. Kg2 Qf3+ 48. Kh2 1/2-1/2

[Event "*** Titled Tuesday Blitz"]
[Site "Chess.com"]
[Date "2020.05.05"]
[Round "5"]
[White "Vesper2018"]
[Black "Saxar85"]
[Result "1-0"]
[WhiteElo "2179"]
[BlackElo "2639"]
[TimeControl "180+1"]
[EndTime "10:57:54 PDT"]
[Termination "Vesper2018 won by resignation"]

1. e4 e5 2. Nf3 Nc6 3. Bb5 a6 4. Ba4 Nf6 5. O-O Be7 6. Re1 b5 7. Bb3 d6 8. c3 O-O 9. h3 Nb8 10. d4 Nbd7 11. Nbd2 c5 12. Nf1 Re8 13. Ng3 Bf8 14. d5 c4 15. Bc2 Nc5 16. Be3 Qc7 17. Nh2 a5 18. f4 exf4 19. Bxf4 Nfd7 20. Ng4 Ne5 21. Bxe5 dxe5 22. Nf5 Ra6 23. d6 Bxd6 24. Nf6+ Kf8 25. Nxh7+ Kg8 26. Nf6+ Kf8 27. Qh5 Bxf5 28. Qh8+ Ke7 29. Qxe8+ Kxf6 30. Rf1 g6 31. exf5 g5 32. Qh8+ Ke7 33. Qg7 Kd8 34. Qg8+ Kd7 35. Qxf7+ Kc6 36. Qg6 Kb7 37. f6 e4 38. Bxe4+ Ka7 39. Qf5 Bf4 40. f7 Bd6 41. Bd5 Bf8 42. Rae1 Nd3 43. Re8 Qc5+ 44. Kh1 Rd6 45. Ra8+ Kb6 46. Rb8+ Ka7 47. Rb7+ Ka6 48.
Rd7 Rxd7 49. Qxd7 a4 50. Qb7+ Ka5 51. Qa8+ Kb6 52. Rf6+ Bd6 53. f8=Q Nf2+ 54. Rxf2 Bxf8 55. Rf6+ 1-0

[Event "*** Titled Tuesday Blitz"]
[Site "Chess.com"]
[Date "2020.05.05"]
[Round "5"]
[White "731291"]
[Black "Redbandit87"]
[Result "1-0"]
[WhiteElo "2688"]
[BlackElo "2449"]
[TimeControl "180+1"]
[EndTime "10:57:54 PDT"]
[Termination "731291 won by resignation"]

1. d4 d5 2. Nf3 Nf6 3. c4 e6 4. g3 Bb4+ 5. Bd2 Bxd2+ 6. Nbxd2 c6 7. Bg2 Nbd7 8. O-O O-O 9. Qc2 b6 10. e4 Bb7 11. Rfe1 Rc8 12. b3 Qc7 13. e5 Ne8 14. Ng5 g6 15. Rac1 Qb8 16. Qd3 h6 17. Ngf3 dxc4 18.
bxc4 Nc7 19. Qe3 Kg7 20. Ne4 c5 21. dxc5 Bxe4 22. cxb6 Bxf3 23. bxc7 Rxc7 24. Bxf3 Rfc8 25. Qd4 Qb6 26. Qf4 Rc5 27. Bg2 Qc7 28. Bf1 Rxe5 29.
Qd4 f6 30. Red1 Nb6 31. Rb1 Rc5 32. Qe4 Qc6 33. Qd4 Qc7 34. h4 h5 35. Qe4 Qc6 36. Qe3 Qc7 37. Rd4 Re5 38. Qf3 Qc6 39. Qd1 Rc7 40. Rc1 Qc5 41. Rb1 Rf5 42. Bg2 Nxc4 43. Rc1 Qb5 44. Bf1 Rfc5 45. Qe2 Qc6 46. Rdxc4 Rxc4 47. Rxc4 Qxc4 48. Qxc4 Rxc4 49. Bxc4 e5 50. Kf1 Kf8 51.
Ke2 Ke7 52. Kd3 g5 53. Ke4 Kd6 54. Kf5 gxh4 55. gxh4 Kc5 56. Be2 Kd4 57. Bxh5 e4 58.
Kxf6 1-0

[Event "*** Titled Tuesday Blitz"]
[Site "Chess.com"]
[Date "2020.05.05"]
[Round "5"]
[White "BaMBoMaTTo"]
[Black "Artem_Koval"]
[Result "1-0"]
[WhiteElo "2667"]
[BlackElo "2431"]
[TimeControl "180+1"]
[EndTime "10:57:54 PDT"]
[Termination "BaMBoMaTTo won on time"]

1. c4 e5 2. Nc3 Nc6 3. Nf3 f5 4. d4 e4 5. Ng5 h6 6. Nh3 g5 7. f3 Nf6 8. Nf2 Bg7 9. fxe4 fxe4 10. d5 Ne5 11. Nfxe4 Nxe4 12. Nxe4 Nxc4 13. e3 Qe7 14. Qh5+ Kd8 15. Bxc4 Qxe4 16. Qe2 Rf8 17. Rf1 Rxf1+ 18. Kxf1 d6 19. Kg1 Bg4 20. Qf1 Ke7 21. Bd3 Qxd5 22. Bc4 Qf5 23. Qe1 Qe4 24. Bb3 Kd7 25. Bd2 Re8 26.
h3 Be6 27. Qf1 c6 28. Bxe6+ Qxe6 29. Re1 Rf8 30. Qd3 Qxa2 31. Bc3 Bxc3 32. Qxc3 Qe6 33. e4 a6 34. Qb4 Kc8 35. Rd1 Rd8 36. Qd4 Kb8 37. e5 d5 38. Rf1 Re8 39. Re1 Qf5 40.
Qc5 Qf4 41. Qd6+ 1-0

[Event "*** Titled Tuesday Blitz"]
[Site "Chess.com"]
[Date "2020.05.05"]
[Round "5"]
[White "MaxVavulin"]
[Black "Everyfishknows"]
[Result "1-0"]
[WhiteElo "2590"]
[BlackElo "2408"]
[TimeControl "180+1"]
[EndTime "10:57:54 PDT"]
[Termination "MaxVavulin won on time"]

1. e4 e5 2. Nf3 Nc6 3. Bb5 a6 4. Ba4 Nf6 5. O-O Be7 6. Re1 b5 7.
Bb3 d6 8. c3 O-O 9. h3 Bb7 10.
d4 Re8 11. Nbd2 Bf8 12. Bc2 h6 13. a3 g6 14. d5 Nb8 15. b4 c6 16. c4 cxd5 17.
cxd5 Nbd7 18. Nb3 Rc8 19. Na5 Ba8 20. Bd3 Nb6 21. Bc2 Qc7 22. Bb3 Nc4 23. Bxc4 bxc4 24. Bb2 Nd7 25. Rc1 Nb6 26. Nd2 Qd7 27. Ndxc4 Na4 28.
Ba1 h5 29. Qb3 Qb5 30. Rc2 Rc7 31. Rec1 Rec8 32. Ne3 Rxc2 33. Rxc2 Rxc2 34. Qxc2 Qd7 35. Nc6 Nb6 36. a4 Bh6 37. a5 Nc8 38. Qc4 Bb7 39.
Nd1 Na7 40. Nxa7 Qa4 41. Bc3 Qxd1+ 42. Kh2 Bf4+ 43. g3 Qf3 44. Kg1 Qd1+ 45. Kg2 Bg5 46. b5 axb5 47. Qxb5 Qc2 48. Qxb7 Qxe4+ 49. Kg1 1-0

[Event "*** Titled Tuesday Blitz"]
[Site "Chess.com"]
[Date "2020.05.05"]
[Round "5"]
[White "Nostradamus123"]
[Black "agrigo3"]
[Result "1-0"]
[WhiteElo "2498"]
[BlackElo "2325"]
[TimeControl "180+1"]
[EndTime "10:57:54 PDT"]
[Termination "Nostradamus123 won on time"]

1. d4 d6 2. e4 Nf6 3. Nc3 g6 4. f4 Bg7 5. Nf3 O-O 6. Bd3 Na6 7. O-O c5 8. d5 Rb8 9. Kh1 Nc7 10. a4 a6 11. a5 Nb5 12. Bxb5 axb5 13. e5 Ne8 14.
Nxb5 Bg4 15. c4 dxe5 16. fxe5 Bxe5 17. Qe1 Bg7 18. Bg5 Nf6 19. Ne5 Bf5 20. a6 Ne4 21.
a7 Nxg5 22. axb8=Q Qxb8 23. Rxf5 gxf5 24. Nd7 Qf4 25.
Nxf8 Bxf8 26. b3 Ne4 27. Ra8 h6 28. Qa1 f6 29. b4 Nf2+ 30. Kg1 Ng4 31. bxc5 Qxh2+ 32.
Kf1 Qh1+ 33. Ke2 Qxg2+ 34. Kd3 Qf3+ 35. Kc2 Ne3+ 36. Kb3 Nxd5+ 37. Ka4 Nf4 38. Nd4 Qe4 39. Qc3 Kf7 40. Nb5 Nd3 41. Qd4 Qxd4 42. Nxd4 Nxc5+ 43. Kb5 Ne4 44. Kb6 Nd6 45. Kc5 e5 46. Ne2 Ne4+ 47.
Kd5 Nd6 48. Ra7 f4 49. c5 f3 50. Ng3 1-0

[Event "*** Titled Tuesday Blitz"]
[Site "Chess.com"]
[Date "2020.05.05"]
[Round "5"]
[White "Morshynska"]
[Black "Quattroporte300"]
[Result "0-1"]
[WhiteElo "2137"]
[BlackElo "2323"]
[TimeControl "180+1"]
[EndTime "10:57:54 PDT"]
[Termination "Quattroporte300 won by resignation"]

1. e4 e5 2. Nf3 Nc6 3. Bc4 Bc5 4. d3 Nf6 5. c3 d6 6. Bb3 a6 7. h3 Ba7 8. Nbd2 h6 9. Nf1 d5 10. Qe2 O-O 11. g4 dxe4 12. dxe4 Na5 13. Bc2 Be6 14.
b3 Nd7 15. g5 h5 16. g6 fxg6 17. Be3 Qf6 18. Ng5 Bxe3 19. Qxe3 b5 20. Rg1 Bf7 21.
O-O-O Rad8 22. Kb2 Nb6 23. Rxd8 Rxd8 24. Qc5 Qd6 25.
Qxd6 Rxd6 26. f4 exf4 27. e5 Rd8 28. e6 Be8 29. Nh2 Nc6 30. Nhf3 Nd5 31. Nh4 Nf6 32. Nxg6 Rd2 33. Kc1 Rxc2+ 34. Kxc2 Bxg6+ 35. Kb2 Bf5 36. Re1 Kf8 37. c4 bxc4 38. bxc4 Ke7 39. Kc3 g6 40. a3 Na5 41. Rf1 Ne4+ 42. Kd4 Nxg5 43. Rxf4 Nxe6+ 44. Ke5 Nxf4 45. Kxf4 Nxc4 46. a4 Nb2 47. a5 Nc4 48. Kg5 Nxa5 49. h4 c5 50. Kh6 c4 51. Kg7 c3 52. Kh7 c2 0-1

[Event "*** Titled Tuesday Blitz"]
[Site "Chess.com"]
[Date "2020.05.05"]
[Round "5"]
[White "petrkostenko"]
[Black "robertofabregas"]
[Result "1-0"]
[WhiteElo "2427"]
[BlackElo "2084"]
[TimeControl "180+1"]
[EndTime "10:57:54 PDT"]
[Termination "petrkostenko won by checkmate"]

1. e4 c5 2. Nf3 d6 3. Bb5+ Nd7 4. Ba4 a6 5. c4 Nf6 6. Nc3 Rb8 7. O-O e6 8. d4 cxd4 9. Nxd4 Be7 10. Bc2 Qc7 11.
b3 b5 12. Ndxb5 axb5 13. Nxb5 Qc6 14. Bf4 Ne5 15. a4 O-O 16. Qd4 Bb7 17. Rfe1 Ng6 18. Bxd6 e5 19. Qd2 Rbd8 20. Rad1 Bxd6 21. Nxd6 Nf4 22. b4 Qc7 23. c5 h5 24. Qc3 h4 25.
Qxe5 Ng6 26. Qc3 Nf4 27. b5 h3 28. g3 Ne6 29. Nxb7 Qxb7 30. c6 Qb6 31. e5 Ng4 32. Qf3 Qc5 33. Qxg4 Qxc2 34. Rxd8 Rxd8 35. Qxh3 Rd2 36. Qf1 Qxa4 37. Rb1 Qe4 38. b6 Qxc6 39. b7 Rd8 40. b8=Q Rxb8 41. Rxb8+ Kh7 42. Qd3+ g6 43. h4 Kg7 44. Qd2 Qc5 45. Qd6 Qc1+ 46. Kg2 Qe1 47.
Rb4 Qe2 48. Ra4 g5 49. hxg5 Qh5 50. Qd2 Qg6 51. Rg4 Qf5 52. Qe2 Qh7 53. Rh4 Qf5 54. Qh5 Qc2 55. Qh6+ Kg8 56. Qh8# 1-0

[Event "*** Titled Tuesday Blitz"]
[Site "Chess.com"]
[Date "2020.05.05"]
[Round "5"]
[White "ZarinaShafigullina"]
[Black "FROGGY64"]
[Result "1-0"]
[WhiteElo "2244"]
[BlackElo "2432"]
[TimeControl "180+1"]
[EndTime "10:57:55 PDT"]
[Termination "ZarinaShafigullina won by resignation"]

1. d4 e6 2. Nf3 f5 3. g3 b6 4.
Bg2 Bb7 5. O-O Nf6 6. c4 Be7 7.
Nc3 O-O 8. d5 Na6 9. a3 Nc5 10.
b4 Nce4 11. Bb2 Nxc3 12. Bxc3 exd5 13. cxd5 Nxd5 14. Bb2 Nf6 15. Rc1 Be4 16. Qb3+ d5 17. Ne5 Bxg2 18. Nc6 Qd7 19. Kxg2 Kh8 20. Rfd1 Qe6 21.
Nxe7 Qxe7 22. Bxf6 Qxf6 23. Rxc7 f4 24. f3 fxg3 25.
hxg3 Qe5 26. Rc2 Rad8 27. Qc3 d4 28. Qc7 Qf5 29. Rcd2 Qf6 30. Qc4 Rfe8 31. Kf2 Qe5 32. Rxd4 Qe3+ 33. Kg2 Rxd4 34. Rxd4 Qxe2+ 35. Qxe2 Rxe2+ 36. Kf1 Re8 37. Rd7 Ra8 38. Ke2 h6 39. Rb7 Kh7 40.
Kd3 Kg6 41. Kc4 Kf6 42. Kb5 Rd8 43. Rxa7 Rd3 44. Kxb6 Rxf3 45. b5 Rxg3 46. a4 h5 47.
a5 h4 48. a6 h3 49. Ra8 Rg6 50. Rh8 Kg5+ 51. Ka5 Rh6 52. Rxh6 gxh6 53. a7 h2 54. a8=Q Kg4 55. Qh1 Kg3 56. b6 h5 57. b7 h4 58.
b8=Q+ 1-0

[Event "*** Titled Tuesday Blitz"]
[Site "Chess.com"]
[Date "2020.05.05"]
[Round "5"]
[White "Sesleria"]
[Black "EfrenRamos1"]
[Result "1/2-1/2"]
[WhiteElo "2062"]
[BlackElo "2194"]
[TimeControl "180+1"]
[EndTime "10:57:55 PDT"]
[Termination "Game drawn - insufficient material"]

1. e4 c5 2. Nf3 Nc6 3. Bb5 d6 4. O-O Bd7 5. c3 a6 6. Bd3 Nf6 7. Bc2 Bg4 8. h3 Bxf3 9. Qxf3 g6 10. d3 Bg7 11. Nd2 O-O 12. Nc4 b5 13. Ne3 e6 14.
Qe2 Qb6 15. Kh1 Rad8 16. f4 a5 17. g4 a4 18. Bd2 Rfe8 19. Rg1 a3 20. bxa3 Ra8 21. a4 bxa4 22. Nc4 Qc7 23. g5 Nh5 24. Qf3 d5 25. exd5 exd5 26. Qxd5 Re2 27. Raf1 Rae8 28. Bxa4 R8e6 29. Bd1 Ne7 30. Qa8+ Bf8 31. Bxe2 Rxe2 32. Qf3 Nf5 33. Be1 Qe7 34. Ne5 Rxa2 35. d4 cxd4 36. c4 Ne3 37. Rf2 Rxf2 38. Bxf2 Nf5 39. Qd5 Nxf4 40.
Qe4 Ne6 41. Rd1 Nxg5 42. Qd5 Nxh3 43. Bxd4 Nxd4 44. Rxd4 Nf2+ 45. Kg2 Qg5+ 46. Kxf2 Qf5+ 47. Nf3 Bc5 48. Qxf5 gxf5 49. Ke3 Bxd4+ 50. Kxd4 Kf8 51. Ke5 Ke7 52. Kxf5 Kd7 53. Kf6 Kc6 54. Nd2 Kc5 55. Kxf7 h5 56. Kf6 h4 57. Ke5 h3 58. Ne4+ Kxc4 59. Ng3 h2 60. Kf4 h1=Q 61. Nxh1 1/2-1/2

[Event "*** Titled Tuesday Blitz"]
[Site "Chess.com"]
[Date "2020.05.05"]
[Round "5"]
[White "WonderChampion"]
[Black "Blagorod"]
[Result "1-0"]
[WhiteElo "1837"]
[BlackElo "2112"]
[TimeControl "180+1"]
[EndTime "10:57:55 PDT"]
[Termination "WonderChampion won on time"]

1. e4 e5 2. Nf3 Nf6 3. Nxe5 d6 4.
Nc4 Nxe4 5. Qe2 Qe7 6. Ne3 Nf6 7. Nc3 c6 8. d4 d5 9. g3 g6 10. Bg2 Bg7 11. O-O O-O 12. Bd2 Re8 13. Rad1 Qc7 14. Qd3 Nbd7 15. Rde1 Nf8 16. Ne2 Ne4 17. Nf4 Bd7 18. Nfxd5 cxd5 19. Nxd5 Qd6 20. Bxe4 Bc6 21. Bf4 Qd8 22. c4 b5 23. Nc7 Bxe4 24. Rxe4 bxc4 25. Qc2 Rxe4 26. Qxe4 Rc8 27. Nd5 Ne6 28. Be5 Qg5 29. Bxg7 Kxg7 30. Qe5+ Qxe5 31. dxe5 Rb8 32. Rb1 Nc5 33. Ne3 c3 34. b3 a5 35. Nc2 a4 36.
b4 Ne4 37. a3 Rb5 38. Rd1 Rxe5 39. Rd3 Re7 40. f3 Nd2 41. Rxc3 Re2 42. Nd4 Re1+ 43.
Kf2 Ra1 44. Nc2 Ra2 45. Nd4 Nb1+ 46. Rc2 Rxa3 47. Rb2 Nc3 48. Ke1 Ra1+ 49. Kd2 a3 50.
Rc2 Nd5 51. Kd3 1-0

[Event "*** Titled Tuesday Blitz"]
[Site "Chess.com"]
[Date "2020.05.05"]
[Round "5"]
[White "Koksik_13"]
[Black "chito89"]
[Result "0-1"]
[WhiteElo "2596"]
[BlackElo "2788"]
[TimeControl "180+1"]
[EndTime "10:57:56 PDT"]
[Termination "chito89 won on time"]

1. d4 Nf6 2. Nc3 g6 3. e4 d6 4.
Bg5 c6 5. f4 b5 6. Bd3 Nbd7 7. Nf3 Nb6 8. O-O b4 9. Ne2 a5 10. Kh1 Bg7 11. Qe1 Ba6 12. Qh4 h6 13.
Bxf6 Bxf6 14. Qh3 Qd7 15. g4 h5 16. f5 hxg4 17. Qxg4 gxf5 18. exf5 Bxd3 19. cxd3 Nd5 20. Qe4 Qb7 21. Rac1 Qb5 22. Rc4 Kd7 23. a4 Qxa4 24. Rfc1 Rac8 25. Nf4 Nxf4 26. Qxf4 Qb5 27. b3 Qd5 28.
Qe4 Qb5 29. R4c2 Rh5 30. d5 c5 31. Re2 Kd8 32. Rg1 Qd7 33. Qc4 Qxf5 34. Rf2 Qxd5 35.
Qa6 Kd7 36. Qxa5 Rf5 37. Rg3 Ra8 38. Qb5+ Kc7 39. Qc4 Ra3 40. Kg2 Rxb3 41. Qb5 Ra3 42. Rg8 Qb7 43. Qe8 Kb6 44. Qd8+ Kb5 45. Qe8+ Qc6 46.
Qb8+ Ka4 47. Qa7+ Kb3 48. Qb8 Ra2 49. Rxa2 Qxf3+ 0-1

[Event "*** Titled Tuesday Blitz"]
[Site "Chess.com"]
[Date "2020.05.05"]
[Round "5"]
[White "evgenyermolaev"]
[Black "abhidabhi"]
[Result "1/2-1/2"]
[WhiteElo "2599"]
[BlackElo "2766"]
[TimeControl "180+1"]
[EndTime "10:57:58 PDT"]
[Termination "Game drawn by repetition"]

1. e4 Nc6 2. Nf3 d5 3. exd5 Qxd5 4. Nc3 Qa5 5. Bb5 Bg4 6. h3 Bd7 7. b4 Qxb4 8. Rb1 Qd6 9. O-O Nf6 10. d4 e6 11. Re1 Be7 12. Rb3 O-O 13. Ba3 Qxa3 14. Rxa3 Bxa3 15. Ne5 Bb4 16. Nxd7 Nxd7 17. Bxc6 bxc6 18. Re3 Nf6 19. Ne4 Nxe4 20. Rxe4 Rfd8 21. Qf3 Bd6 22. Rg4 Rab8 23. g3 c5 24. dxc5 Bxc5 25. Qc3 Bf8 26. Qxc7 Rbc8 27. Qxa7 Rxc2 28. Rf4 f6 29.
Qb6 Rd6 30. Qb3 Rcc6 31. a4 Rb6 32. Qa2 Kf7 33. Kg2 Ra6 34. Rc4 Rd5 35. Rc7+ Kg8 36. Rc8 Kf7 37. Qc4 Rad6 38. Rc6 Rxc6 39. Qxc6 Be7 40. Qb6 Bd8 41. Qb7+ Kf8 42. Qc8 Ke7 43. Qb7+ Kf8 44. h4 h5 45. Qb1 Kf7 46. Qc2 Ba5 47. Qc8 Bd8 48. Qb7+ Kf8 49. Qb3 Kf7 50. Qb7+ Kf8 1/2-1/2

[Event "*** Titled Tuesday Blitz"]
[Site "Chess.com"]
[Date "2020.05.05"]
[Round "5"]
[White "TST2014"]
[Black "rakshi2005"]
[Result "0-1"]
[WhiteElo "2549"]
[BlackElo "2310"]
[TimeControl "180+1"]
[EndTime "10:57:58 PDT"]
[Termination "rakshi2005 won by checkmate"]

1. d4 Nf6 2. c4 Nc6 3. Nf3 e6 4. d5 Ne7 5. Nc3 Ng6 6. g3 exd5 7.
cxd5 Bb4 8. Bg2 O-O 9. O-O d6 10.
h3 Bxc3 11. bxc3 Ne4 12. Qd4 Nc5 13. c4 Ne7 14. g4 Bd7 15. Bb2 f6 16. Rab1 Ng6 17. h4 Ne5 18. Nh2 Qe7 19. Rbe1 Rae8 20. Bh3 f5 21. g5 f4 22. Bg2 h6 23. Nf3 Nxf3+ 24. exf3 Qf7 25. h5 hxg5 26. h6 Rxe1 27. Rxe1 Bf5 28. hxg7 Rd8 29. Kh2 Nd7 30. Rh1 Ne5 31.
Kg1 Qxg7 32. c5 a6 33. a4 Re8 34. a5 Kf7 35. Rh2 Kg6 36. Rh1 Qe7 37. Rh2 dxc5 38. Qxe5 Qxe5 39. Bxe5 Rxe5 40. Bh3 Re1+ 41. Kg2 Bd3 42.
Rh1 Rxh1 43. Kxh1 c4 44. Bc8 c3 45. Bxb7 c2 46. Bxa6 c1=Q+ 47. Kg2 Qf1+ 48. Kh2 Qxf2+ 49.
Kh1 Qxf3+ 50. Kg1 Qg3+ 51. Kh1 Be4# 0-1

[Event "*** Titled Tuesday Blitz"]
[Site "Chess.com"]
[Date "2020.05.05"]
[Round "5"]
[White "Chepaschess"]
[Black "Savagelittlemole"]
[Result "1/2-1/2"]
[WhiteElo "2733"]
[BlackElo "2582"]
[TimeControl "180+1"]
[EndTime "10:57:59 PDT"]
[Termination "Game drawn - insufficient material"]

1. d4 Nf6 2. c4 g6 3. f3 Bg7 4.
e4 O-O 5. Nc3 d6 6. Nge2 c5 7.
d5 e6 8. Ng3 exd5 9. cxd5 a6 10. a4 h5 11. Be2 h4 12. Nf1 Re8 13.
Bg5 h3 14. g4 Qb6 15. Qd2 Nbd7 16. Ng3 Ne5 17. Be3 Qc7 18. g5 Nh7 19. O-O Bd7 20.
a5 b5 21. axb6 Qxb6 22. Rfb1 Qb4 23. Nd1 a5 24. Nf2 f6 25. f4 Nf7 26. Qxb4 axb4 27. gxf6 Nxf6 28. Bc4 Ng4 29. Nxg4 Bxg4 30. Rxa8 Rxa8 31.
Rf1 Bxb2 32. e5 dxe5 33. d6 Kg7 34. Bxc5 Ra1 35. Rxa1 Bxa1 36. Bxb4 exf4 37. Ne4 Bd4+ 38. Kf1 Bf3 39. d7 Bxe4 40. Bxf7 Bg2+ 41. Ke1 Bb6 42. Bc4 f3 43. Bc5 Bd8 44. Kf2 Kf6 45. Be3 g5 46. Bb5 g4 47. Kg3 Ke6 48. Bc4+ Kd6 49. Kxg4 Kxd7 50.
Kg3 Bc7+ 51. Kf2 Bxh2 52. Bd5 Kd6 53. Bxf3 Bxf3 54. Kxf3 Be5 55. Bg1 h2 56. Kg2 hxg1=Q+ 57. Kxg1 1/2-1/2

[Event "*** Titled Tuesday Blitz"]
[Site "Chess.com"]
[Date "2020.05.05"]
[Round "5"]
[White "ChadBiryani"]
[Black "IMinTheWings"]
[Result "0-1"]
[WhiteElo "2339"]
[BlackElo "2194"]
[TimeControl "180+1"]
[EndTime "10:57:59 PDT"]
[Termination "IMinTheWings won by checkmate"]

1. d4 Nf6 2. Bf4 d6 3. e3 g6 4.
Be2 Bg7 5. h4 h5 6. c4 Nbd7 7.
Nc3 c6 8. Nf3 O-O 9. Qd2 Ng4 10.
Bg3 a6 11. a4 e5 12. O-O Re8 13. Rad1 e4 14. Ng5 Ndf6 15. d5 c5 16. Ra1 Nh6 17.
a5 Nf5 18. Na4 Nxg3 19. fxg3 Bf5 20. Nb6 Rb8 21. Bd1 Qe7 22. Ba4 Rf8 23. Rf2 Qe5 24.
Raf1 Qxg3 25. Rxf5 gxf5 26. Rxf5 Ng4 27. Nd7 Nxe3 28. Rf2 Ng4 29. Qf4 Qxf2+ 30. Qxf2 Nxf2 31. Kxf2 Bxb2 32. Nxf8 Bd4+ 33. Ke2 Rxf8 34. Nxe4 Be5 35.
Nf2 f5 36. Kf3 Rf7 37. Nd3 Rg7 38. Bd7 Rg3+ 39. Ke2 Rxg2+ 40. Kd1 Rg4 41. Bxf5 Rxc4 42.
Ke2 Rxh4 43. Kf3 Rd4 44. Nf2 Kf7 45. Be6+ Kf6 46. Ne4+ Ke7 47. Ng5 Rf4+ 48. Ke3 Rh4 49. Nf3 Ra4 50. Nd2 Ra3+ 51. Ke2 Rxa5 52. Nc4 Ra2+ 53. Kd3 h4 54. Nb6 h3 55. Nc8+ Kf6 56.
Bxh3 Ra3+ 57. Kc4 Rxh3 58. Nb6 Rh4+ 59. Kb3 Rb4+ 60. Ka3 Rxb6 61. Ka4 Rb1 62. Ka5 c4 63. Ka4 c3 64. Ka3 c2 65. Ka2 Ra1+ 66. Kb3 c1=Q 67. Kb4 Qc3# 0-1

[Event "*** Titled Tuesday Blitz"]
[Site "Chess.com"]
[Date "2020.05.05"]
[Round "5"]
[White "dragos420"]
[Black "Oligan22"]
[Result "1-0"]
[WhiteElo "2510"]
[BlackElo "2350"]
[TimeControl "180+1"]
[EndTime "10:58:00 PDT"]
[Termination "dragos420 won by checkmate"]

1. e4 c6 2. Nc3 d5 3. Qf3 dxe4 4. Nxe4 Nf6 5. Bc4 Nbd7 6. d3 Ne5 7. Nxf6+ exf6 8. Qe2 Be7 9. Bb3 O-O 10. Be3 a5 11. d4 Ng6 12. O-O-O a4 13. Bc4 b5 14. Bd3 Be6 15. h4 Re8 16. a3 b4 17. d5 cxd5 18. Bb5 bxa3 19. Bxe8 axb2+ 20. Kxb2 Qxe8 21. Bd4 Qb8+ 22. Ka1 Qb4 23. Qe3 Rb8 24. Qc3 Qb5 25. Nf3 Bb4 26. Qd3 Qa5 27. g3 Rc8 28. h5 Ne7 29. h6 g6 30. Bxf6 Nc6 31. c3 Ba3 32. Nd4 Na7 33. Rb1 Rxc3 34. Rb8+ Nc8 35. Qd2 Qc5 36. Nxe6 fxe6 37. Bxc3 Qc7 38. Qd4 Kf8 39. Qh8+ Ke7 40.
Qg7+ Kd8 41. Qxc7+ Kxc7 42. Ra8 Nb6 43. Rh8 Nc4 44.
Rxh7+ Kc6 45. Rg7 d4 46. Bxd4 Kd5 47. Bc3 Bc5 48. Rxg6 e5 49. h7 a3 50. h8=Q Nd2 51. Qg8+ Ke4 52. Bxd2 a2 53. Qc4+ Bd4+ 54. Kxa2 Kf3 55.
Qd3+ Kg2 56. Rf1 Kh2 57. f4 Bg1 58. fxe5 Kg2 59. Qf3+ Kh3 60. Rh6# 1-0